Map: New Gettysburg LE

Players

Ravier - Winner!

  • Race: Zerg Zerg
  • League: Gold

RajAlGhul

  • Race: Zerg Zerg
  • League: Platinum

VOD

Have the link to the VOD?

Description

Time

  • Played on: Aug. 17, 2016, 2:57 a.m.
  • Length: 12:10
Show
View Real Time Build Order
Export as new Build Order

Ravier Zerg - Winner!

Build Orders: Hatch First 

Get SALT Encoding   

  12  0:01  Drone  
  13  0:08  Drone  
  14  0:18  Overlord  
  14  0:36  Drone x2  
  14  0:37  Drone  
  17  0:56  Hatchery, Drone  
  17  0:59  Drone  
  17  1:03  Extractor  
  17  1:12  Drone  
  18  1:20  Spawning Pool  
  17  1:25  Drone  
  17  1:31  Drone  
  19  1:44  Overlord  
  19  1:56  Drone  
  20  2:06  Zergling x2  
  20  2:07  Queen  
  20  2:08  Metabolic Boost  
  23  2:09  Queen  
  23  2:13  Drone  
  26  2:28  Zergling x2  
  28  2:30  Drone x2  
  29  2:37  Drone x2  
  31  2:45  Queen  
  33  2:53  Drone x3  
  33  2:54  Extractor  
  35  2:59  Extractor  
  35  3:04  Overlord  
  34  3:05  Drone  
  34  3:10  Lair  
  35  3:18  Zergling x2  
  36  3:20  Overlord  
  36  3:27  Drone x3  
  36  3:30  Spine Crawler  
  38  3:49  Drone x5  
  38  3:50  Drone x3  
  46  3:57  Zergling x6  
  49  4:11  Drone x3  
  52  4:17  Extractor, Infestation Pit  
  50  4:40  Zergling x2  
  50  4:45  Zergling x2  
  52  4:46  Overlord x2  
  52  4:47  Overlord  
  52  4:53  Pathogen Glands  
  52  4:59  Hatchery  
  51  5:03  Drone  
  51  5:04  Overlord  
  52  5:16  Pneumatized Carapace  
  52  5:22  Infestor x4  
  52  5:24  Zergling x2  
  52  5:25  Zergling x14  
  68  5:36  Hive  
  68  5:49  Overlord  
  68  6:11  Drone x8  
  68  6:13  Queen  
  68  6:14  Overlord  
  78  6:34  Zergling x16  
  86  6:48  Ultralisk Cavern, Zergling x2  
  86  6:49  Viper  
  89  7:28  Overlord x3  
  89  7:29  Overlord  
  89  7:34  Chitinous Plating  
  89  7:49  Overlord, Extractor  
  89  7:51  Extractor, Ultralisk  
  93  7:52  Ultralisk x4  
  93  7:53  Zergling x2  
  93  7:54  Zergling x6  
  121  8:15  Ultralisk  
  121  8:16  Zergling x2  
  121  8:17  Zergling x4  
  130  8:25  Evolution Chamber x2, Zergling x2  
  130  8:26  Zergling x2  
  130  8:29  Overlord, Adrenal Glands  
  130  8:30  Overlord  
  130  8:54  Ultralisk  
  130  8:55  Overlord x4  
  134  9:23  Zergling x20  
  114  9:46  Zergling x2  
  114  9:47  Zergling x10  
  86  10:04  Zergling x10  
  91  10:10  Zerg Melee Weapons Level 1  
  91  10:18  Zergling x2  
  92  10:21  Zergling x2  
  92  10:22  Zergling x4  
  93  10:36  Zergling x2  
  93  10:37  Zergling x8  
  93  11:06  Zergling x2  
  93  11:07  Zergling x14  
  101  11:18  Zergling x18  
Show
View Real Time Build Order
Export as new Build Order

RajAlGhul Zerg 

Build Orders: Hatch First 

Get SALT Encoding   

  12  0:01  Drone  
  13  0:15  Overlord  
  13  0:20  Drone  
  14  0:34  Drone x2  
  16  0:37  Drone  
  17  0:55  Hatchery  
  16  1:00  Drone  
  16  1:01  Drone  
  18  1:14  Extractor  
  18  1:18  Spawning Pool  
  16  1:20  Drone  
  16  1:23  Drone  
  18  1:33  Drone  
  19  1:42  Overlord  
  19  1:56  Drone  
  20  2:07  Zergling x2, Queen x2  
  25  2:08  Zergling x2  
  26  2:17  Metabolic Boost  
  26  2:27  Drone x3  
  29  2:30  Drone  
  30  2:48  Queen  
  32  3:18  Evolution Chamber x2  
  30  3:22  Roach Warren, Drone  
  30  3:23  Drone x6  
  30  3:24  Overlord x2  
  36  3:39  Extractor  
  35  3:45  Zerg Missile Weapons Level 1  
  35  3:49  Zerg Ground Armor Level 1  
  35  3:59  Drone  
  35  4:00  Drone x2  
  38  4:03  Drone x3  
  38  4:04  Drone x3  
  44  4:15  Overlord  
  46  4:17  Roach x3  
  50  4:27  Spine Crawler  
  51  4:45  Roach  
  51  4:46  Roach x4  
  51  4:47  Overlord x2  
  51  4:48  Overlord  
  59  4:57  Lair  
  59  5:20  Roach  
  59  5:21  Roach x4  
  69  5:22  Drone  
  69  5:23  Drone x6  
  69  5:28  Extractor  
  75  5:39  Hatchery  
  74  5:59  Zerg Missile Weapons Level 2  
  76  6:04  Roach x2  
  76  6:06  Zergling x10  
  76  6:07  Zergling x2  
  84  6:39  Zerg Ground Armor Level 2  
  84  6:41  Glial Reconstitution  
  84  6:56  Roach x2  
  84  6:57  Roach  
  84  6:58  Overlord x5  
  84  6:59  Overlord  
  82  7:30  Zergling x22  
  82  7:31  Roach  
  95  7:43  Overseer  
  95  8:04  Roach x9  
  113  8:12  Ravager x3  
  117  8:13  Ravager x2  
  118  8:22  Drone  
  118  8:23  Drone x5  
  124  8:27  Extractor  
  124  8:28  Roach x2  
  127  9:00  Zergling x14  
  127  9:01  Zergling x8  
  127  9:02  Overlord  
  51  10:09  Spire  
  50  10:24  Roach  
  50  10:25  Roach x10  
  5  11:51  Zergling x2  
  5  11:52  Zergling x14  
Tags
 
Add a new tag
Caveats
  • Supply blocks, unpowered buildings, or Contaminate may cause inaccurate times.
  • Supply counts are checked every 10 seconds.